Cogmind - Beta 14 @@@ ROGUE MODE // 2024.10.23 @ 23:46:04 Player: Lintence Result: Self-destructed Performance ------------- Evolutions (1) 500 Regions Visited (2) 400 Robots Destroyed (10) 50 Value Destroyed (125) 125 Prototype IDs (0) 0 Alien Tech Used (0) 0 Bonus (0) 0 TOTAL SCORE: 1075 Bonus ------- None Cogmind --------- Core Integrity 350/400 Matter 137/300 Energy 265/265 System Corruption 0% Temperature Cool (0) Movement Walking (190) Ox1 Location -9/Materials Parts ------- > --- POWER (1) -------- Improved Ion Engine > --- PROPULSION (4) --- Aluminum Leg Aluminum Leg > --- UTILITY (2) ------ Large Storage Unit Structural Scanner > --- WEAPON (2) ------- Medium Laser Grenade Launcher > --- INVENTORY (15) --- Improved Ion Engine Improved Ion Engine Small Storage Unit Light EM Pulse Cannon Light Assault Rifle Light Assault Rifle Peak State ------------ > --- POWER ------------ Improved Ion Engine > --- PROPULSION ------- Aluminum Leg Aluminum Leg > --- UTILITY ---------- Large Storage Unit Structural Scanner > --- WEAPON ----------- Medium Laser Light Assault Rifle > --- INVENTORY -------- Ion Engine Ion Engine Improved Ion Engine Improved Ion Engine Small Storage Unit Light EM Pulse Cannon Light Assault Rifle Grenade Launcher [Rating: 9] Favorites ----------- Power Ion Engine Engine Ion Engine Propulsion Aluminum Leg Leg Aluminum Leg Utility Large Storage Unit Device Structural Scanner Storage Large Storage Unit Weapon Light Assault Rifle Energy Gun Medium Laser Ballistic Gun Light Assault Rifle Launcher Grenade Launcher Build | -11 -10 -9 ------- Run | Yrd Mat Mat Slots Evolved 2 | . . 2 Power . | . . . Propulsion 2 | . . 2 Utility . | . . . Weapon . | . . . Parts Attached 15 | 6 4 5 Power 3 | 1 1 1 Engine 3 | 1 1 1 Core . | . . . Reactor . | . . . Propulsion 3 | 2 1 . Treads . | . . . Leg 3 | 2 1 . Wheel . | . . . Hover . | . . . Flight . | . . . Utility 3 | 1 1 1 Device 1 | . . 1 Storage 2 | 1 1 . Processor . | . . . Hackware . | . . . Protection . | . . . Artifact . | . . . Weapon 6 | 2 1 3 Energy Gun 2 | 1 1 . Energy Cannon . | . . . Ballistic Gun 2 | 1 . 1 Ballistic Cannon . | . . . Launcher 2 | . . 2 Special Weapon . | . . . Impact Weapon . | . . . Slashing Weapon . | . . . Piercing Weapon . | . . . Special Melee Weapon . | . . . Unidentified Prototypes . | . . . Parts Lost . | . . . Power . | . . . Propulsion . | . . . Utility . | . . . Weapon . | . . . Highest Loss Streak . | . . . To Critical Strikes . | . . . Average Slot Usage (%) 80 | . 85 75 Engine 12 | . 14 11 Leg 25 | . 28 22 Device 4 | . . 9 Storage 12 | . 14 11 Energy Gun 12 | . 14 11 Ballistic Gun 12 | . 14 11 Peak Build Rating 9 | 6 7 9 Average Rating 6 | 4 5 7 On Entrance 4 | . 6 6 Naked Turns . | . . . Heaviest Build 31 | 12 28 31 Greatest Support 20 | 20 20 20 Greatest Overweight (x) 3 | 3 1 1 Average Overweight (x) . | . . 1 Largest Inventory Capacity 15 | 8 15 15 Average Capacity 12 | 7 12 15 Most Carried 8 | 2 4 8 Average Carried 3 | 1 3 5 Final Capacity 15 | 8 15 15 Final Carried 6 | 2 4 6 Class Distribution -------------------- 100% | Mutant Dominant Class ---------------- Mutant | -10/Materials Mutant | -9/Materials Resources | -11 -10 -9 ----------- Run | Yrd Mat Mat Matter Collected 231 | 221 10 . Remotely . | . . . Salvage Created 142 | . 34 108 Parts 17 | . 4 13 Haulers Intercepted . | . . . Recyclers Shooed . | . . . Parts Field Recycled . | . . . Retrieved Matter . | . . . Parts Self-Destructed . | . . . Prevented . | . . . Kills | -11 -10 -9 ------- Run | Yrd Mat Mat Combat Hostiles Destroyed 8 | . . 8 Guns 2 | . . 2 AOE 6 | . . 6 Classes Destroyed 3 | . 1 2 Builder 2 | . 2 . Swarmer 7 | . . 7 Sentry 1 | . . 1 Best Kill Streak 8 | . 1 8 Combat Bots Only 8 | . . 8 Max Kills in Single Turn 3 | . 1 3 Gunslinging . | . . . Exploded 3 | . . 3 Melee . | . . . Uniques/NPCs Destroyed . | . . . Combat | -11 -10 -9 -------- Run | Yrd Mat Mat Hostile Shots Fired 32 | . . 32 Missed 7 | . . 7 Damage Taken 274 | . . 274 Core 50 | . . 50 Absorbed by Shields . | . . . Core Remaining (%) 100 | 100 100 . Volleys Fired 17 | . 7 10 Largest 2 | . 2 2 Hottest 70 | . 70 70 Shots Fired 31 | . 14 17 Gun 28 | . 14 14 Cannon . | . . . Launcher 3 | . . 3 Special . | . . . Kinetic 14 | . 7 7 Thermal 14 | . 7 7 Explosive 3 | . . 3 Electromagnetic . | . . . Robot Hit Streak 5 | . 5 4 Robot Miss Streak 4 | . 1 4 Penetration Max . | . . . Secondary Targets . | . . . Shots Hit Robots 20 | . 11 9 Core Hits 14 | . 4 10 Critical Kills 1 | . 1 . Critical Parts Destroyed . | . . . Critical Strikes 2 | . 1 1 Burn 1 | . . 1 Destroy 1 | . 1 . Melee Attacks . | . . . Impact . | . . . Slashing . | . . . Piercing . | . . . Sneak Attacks . | . . . Combat Hostiles . | . . . Follow-up Attacks . | . . . Damage Inflicted 499 | . 103 396 Guns 172 | . 103 69 Cannons . | . . . Explosions 327 | . . 327 Melee . | . . . Ramming . | . . . Kinetic 64 | . 45 19 Thermal 108 | . 58 50 Explosive 327 | . . 327 Electromagnetic . | . . . Impact . | . . . Slashing . | . . . Piercing . | . . . Highest Corruption . | . . . Average Corruption . | . . . Corruption Purged . | . . . Corruption Blocked . | . . . Overload Shots . | . . . Overflow Damage . | . . . Projectiles . | . . . Explosions . | . . . Melee . | . . . Knockbacks . | . . . Impact . | . . . Kinetic . | . . . Secondary . | . . . Self-Inflicted Damage 15 | . . 15 Shots 1 | . . 1 Rammed . | . . . Targets Rammed . | . . . Kicked . | . . . Crushed . | . . . Highest Temperature 47 | . 40 47 Average Temperature 18 | . 17 19 Received Heat Transfer 36 | . . 36 Siege Activations . | . . . Robots Corrupted . | . . . Combat Hostiles . | . . . Parts Fried . | . . . Impact Corruptions . | . . . Robots Melted . | . . . Combat Hostiles . | . . . Parts Melted . | . . . Heat Transferred 371 | . 149 222 Parts Sabotaged . | . . . Parts Stolen . | . . . Parts Stripped . | . . . Power Chain Reactions . | . . . Alert | -11 -10 -9 ------- Run | Yrd Mat Mat Peak Influence 243 | . 25 243 Initial 10 | . . 10 Average 19 | . 11 34 Maximum Alert Level 1 | . . 1 Low Security (%) 99 | 100 100 97 Level 1 . | . . 2 Level 2 . | . . . Level 3 . | . . . Level 4 . | . . . Level 5 . | . . . High Security . | . . . Max Security . | . . . Squads Dispatched 1 | . . 1 Investigation . | . . . Extermination . | . . . Reinforcement 1 | . . 1 Assault . | . . . Garrison . | . . . Intercept . | . . . Searches Triggered . | . . . Construction Impeded . | . . . Haulers Reinforced . | . . . Active Scanning Responses . | . . . Cargo Convoy Interrupts . | . . . Stealth | -11 -10 -9 --------- Run | Yrd Mat Mat Distress Signals 1 | . . 1 Communications Jammed . | . . . Distress Signals . | . . . Times Spotted 10 | . 1 9 Peak Tracking Total 9 | . 1 9 Tactical Retreats . | . . . Traps | -11 -10 -9 ------- Run | Yrd Mat Mat Traps Triggered 2 | . 2 . Indirectly . | . . . Trap Hack Attempts . | . . . Triggered . | . . . Disarmed . | . . . Reprogrammed . | . . . Reused . | . . . Traps Extracted . | . . . Installed . | . . . Triggered . | . . . Machines | -11 -10 -9 ---------- Run | Yrd Mat Mat Machines Disabled . | . . . Max in Single Turn . | . . . Machines Repaired . | . . . Machines Dismantled . | . . . Machines Sabotaged . | . . . Overloaded Fab Kills . | . . . Hacking | -11 -10 -9 --------- Run | Yrd Mat Mat Machines Accessed . | . . . Terminals . | . . . Fabricators . | . . . Repair Stations . | . . . Recycling Units . | . . . Scanalyzers . | . . . Garrison Access . | . . . Total Hacks . | . . . Successful . | . . . Failed . | . . . Catastrophic . | . . . Database Lockouts . | . . . Manual . | . . . Terminals . | . . . Fabricators . | . . . Repair Stations . | . . . Recycling Units . | . . . Scanalyzers . | . . . Garrison Access . | . . . Terminal Hacks . | . . . Fabricator Hacks . | . . . Repair Station Hacks . | . . . Recycling Unit Hacks . | . . . Scanalyzer . | . . . Garrison Access Hacks . | . . . Unauthorized Hacks . | . . . Terminals . | . . . Fabricators . | . . . Repair Stations . | . . . Recycling Units . | . . . Scanalyzers . | . . . Garrison Access . | . . . Data Cores Recovered . | . . . Used . | . . . Hacking Detections . | . . . Full Trace Events . | . . . Feedback Events . | . . . Feedback Blocked . | . . . Robot Schematics Acquired . | . . . Robots Built . | . . . Authchips . | . . . Time . | . . . Total Robot Build Rating . | . . . Part Schematics Acquired . | . . . Parts Built . | . . . Authchips . | . . . Time . | . . . Total Part Build Rating . | . . . Parts Repaired . | . . . Time . | . . . Parts Recycled . | . . . Recycled Matter . | . . . Retrieved Matter . | . . . Retrieved Components . | . . . Parts Scanalyzed . | . . . Part Schematics Acquired . | . . . Parts Damaged . | . . . Bothacking | -11 -10 -9 ------------ Run | Yrd Mat Mat Used RIF Installer . | . . . Robots Hacked . | . . . Non-combat . | . . . Combat . | . . . Robot Hacks Applied . | . . . Relay Couplers Released . | . . . Fabnet Peak Effective % . | . . . Robots Rewired . | . . . Allies Hacked . | . . . Hacks Repelled . | . . . Allies | -11 -10 -9 -------- Run | Yrd Mat Mat Total Allies . | . . . Largest Group . | . . . Highest-Rated Group . | . . . Highest-Rated Ally . | . . . Total Orders . | . . . Ally Attacks . | . . . Total Damage . | . . . Kills . | . . . Allies Corrupted . | . . . Allies Melted . | . . . Intel | -11 -10 -9 ------- Run | Yrd Mat Mat Robot Analysis Total . | . . . Derelict Logs Recovered . | . . . Drone Launches . | . . . Drone Recoveries . | . . . Exploration | -11 -10 -9 ------------- Run | Yrd Mat Mat Turns Passed 435 | 49 214 172 Spaces Moved 226 | 32 123 71 Core 7 | 7 . . Treads . | . . . Legs 219 | 25 123 71 Wheels . | . . . Hover . | . . . Flight . | . . . Fastest Speed 50 | 50 120 190 Average Speed 159 | 119 153 190 Slowest Speed 200 | 200 190 190 Overloaded Moves . | . . . Propulsion Burnouts . | . . . Robots Hopped . | . . . Cave-ins Triggered . | . . . Exploration Rate (%) 15 | 3 30 13 Regions Visited 2 Branch Regions . Pre-discovered Areas . | . . . Known Exits Taken . | . . . Unknown Exits Taken 2 | 1 1 . Scrap Searched . | . . . Spaces Dug . | . . . Terrain Destroyed 14 | . . 14 Melee . | . . . Projectile . | . . . AOE 14 | . . 14 Terrain Rammed . | . . . Walls Destroyed . | . . . Machines Disabled . | . . . Actions | -11 -10 -9 --------- Run | Yrd Mat Mat Total 265 | 39 135 91 Wait . | . . . Move 224 | 31 122 71 Hop . | . . . Pick Up 6 | 2 1 3 Fast Attach 10 | 6 3 1 Attach . | . . . Detach 1 | . 1 . Swap 5 | . 1 4 Drop 2 | . . 2 Fire 17 | . 7 10 Melee . | . . . Ram . | . . . Kick . | . . . Crush . | . . . Escape Stasis . | . . . Rewire . | . . . Trap . | . . . Miscellaneous . | . . . Route ------- -11/Scrapyard -10/Materials -9/Materials History --------- Turn | Location | Event 14 | -11/Scrapyard | Discovered new exit (range 15) 50 | -11/Scrapyard | Entered Materials 245 | -10/Materials | Discovered new exit (range 9) 264 | -10/Materials | Entered another Materials area 264 | -9/Materials | Evolved 2 slots: Propulsion x2 312 | -9/Materials | Build established: Mutant 436 | -9/Materials | Self-destructed Last Messages --------------- 00232_ Ion Engine severed. 00234_ Acquired Ion Engine. 00243_ U-05 Engineer lays Concrete. 00245_ EXIT=FOUND PARAMETERS=PROPULSION+2 LOCATION=UNKNOWN GOAL=ESCAPE 00291_ Acquired Structural Scanner. 00296_ Acquired Lgt. EM Pulse Cannon. 00328_ O-16 Technician: "IFF HANDSHAKE FAILED. SECURING TERMINAL." 00339_ ALERT: Hostiles spotted, dispatching reinforcements to Terminal M004. 00344_ T-07 Excavator is excavating. 00393_ Acquired Imp. Ion Engine. 00397_ Dropped Ion Engine. 00412_ S-10 Pest suffers critical hit (Burn). 00412_ S-10 Pest destroyed. 00425_ Y-45 Defender destroyed. 00432_ S-10 Pest destroyed. Map ----- +----------------------------------------------------+ | | | | | | | | | | | | | | | | | | | ???????????????????????????????????????????????? | | ???????????????????????????????????????????????? | | ???????????????????????????????????????????????? | | ???????????????????????????????????????????????? | | ????????????????????####???????????????????????? | | ???????????????????##########??????????????????? | | ???????????????????### ##########??????????????? | | ?????????????????### # ######??????????????? | | ????############?#### ]##??????????????? | | ################### * ] ##??????????????? | | ### ##### =[ ] ##??????????????? | | # + """ + [%***] #"??????????????? | | ### """ ##### % # ??????????????? | | ### """ ##### # ??????????????? | | ### ##### # ??????????????? | | ### """ + # # ??????????????? | | ### """ ##### # @=* ##??????????????? | | ### """ ##### ####+######??????????????? | | ### ##### ## %[ ####??????????????? | | ##########+######## ?????????????????? | | ^ ????????????????? | | ^ ????????????? | | " #### ## ##+###????????????? | | T ## ## ## ????????????? | | ####+### " ##? ## ## ????????????????? | | # ## ##?##### ##?????????????????? | | ??? ## ##?##### ##?????????????????? | | ?? """ ## """ ##????## ##?????????????????? | | ?? """ ## """ ##????# #?????????????????? | | ? """ ## """ ????? ??????????????????? | | #[ ## ??? T ??????????????????? | | ######### ?? ? ??????????????????? | | ######### ###+######?????????????????????????? | | ???????## # #?????????????????????????? | | ????????? # ?????????????????????????????????? | | ????????? # ?????????????????????????????????? | | ????????? # ?????????????????????????????????? | | ????????? # ?????????????????????????????????? | | ??????????? # ?????????????????????????????????? | | ???????????????????????????????????????????????? | | ???????????????????????????????????????????????? | +----------------------------------------------------+ Best States ------------- Heat Dissipation 28 Energy Generation 12 Energy Capacity 265 Matter Stores 268 Matter Capacity 300 Sight Range 16 Terrain Scan Density 10 Evasion (%) 55 Item Schematics ----------------- None Robot Schematics ------------------ None Fabricated ------------ Nothing Alien Tech Used ----------------- None Achievements -------------- None Challenges ------------ None Game ------ Seed SapperShieldChip Manual? 0 Play Time 00:06:05 Cumulative 45.9 hours Start 2024.10.23 @ 23:41:24 End 2024.10.23 @ 23:46:04 Sessions 1 Manual Loads 0 Difficulty Rogue Special Mode None Game No. 86 Rogue 86 Adventurer 0 Explorer 0 Win Type - Total 1 Types 1/0/0/0/0/0/0/0/0 Lore% 16 Gallery% 33 Achievement% 28 Wizard Run 0 Options --------- Layout 1 ASCII 0 Keyboard 0 Movement Mouse Keybinds 0 Fullscreen 1 Font 20/X11 Map View 50x35 Zoom Use 0% Tactical HUD 1 Map Filters NONE Filters NONE Steam 1 RUN: 2e65ef06-6199-4c4f-bf21-b440fcd848dd